sharphack, neutral female sylph Ranger ## ------------# |..........-######## ------- #......%....|##########.^....| ###|.......<..| #I#|.....| ##|..........| #..(...| ----------- |.....| ------- sharphack the Reconnoiteress Experience level: 10 Strength: 15 Dexterity: 15 Constitution: 16 Intelligence: 13 Wisdom: 17 Charisma: 7 Health: 0(68) Energy: 51(51) Def: 3 Gold: 0 Moves: 13576 Dungeon seed: qIKmxoTAgvcK6OGs Game ID: sharphack_1452280225 Your Inventory: Amulets O - an uncursed amulet of ESP (being worn) Weapons a - an uncursed +1 dagger (alternate weapon; not wielded) b - an uncursed +2 bow (weapon in hand) c - 50 uncursed +2 arrows d - 13 uncursed +0 arrows (in quiver) p - an uncursed +0 elven dagger named noncursed Armor e - an uncursed +2 cloak of displacement (being worn) n - an uncursed +0 elven cloak q - an uncursed +0 elven leather helm r - an uncursed +0 pair of kicking boots Comestibles i - 2 uncursed tins of ogre king meat j - 5 uncursed lizard corpses S - an uncursed cherry Wands g - an uncursed wand of slow monster (0:3) h - an uncursed wand of sleep (0:5) D - an uncursed wand of digging (0:5) N - an uncursed wand of fire (0:4) Tools k - an uncursed skeleton key u - an uncursed wooden flute B - an uncursed bag of holding K - an uncursed towel U - an uncursed magic lamp (lit) V - an uncursed +0 pick-axe Contents of the bag of holding: 327 gold pieces 177 uncursed +0 arrows a blessed +0 dagger 3 uncursed cram rations an uncursed sprig of wolfsbane 2 uncursed tripe rations a cursed scroll of enchant armor a blessed scroll of enchant weapon an uncursed scroll of identify an uncursed scroll of light an uncursed potion of sickness an uncursed potion of water an uncursed wand of light (0:12) Spells and supernatural/magical abilities: Name Level Category Fail Memory W - pray for help -- divine ? -- Your skills at the end: Miscellaneous Skills wands [Basic] Weapon Skills dagger [Skilled] bow [Expert] Spellcasting Skills Final Attributes: You were devoutly aligned. You saw invisible. You were telepathic. You had automatic searching. You had infravision. You were displaced. You were stealthy. You were protected from shape changers. You were lucky. You are dead. Vanquished creatures: a master mind flayer a winged gargoyle 2 giant mimics an Elvenking 2 tigers an elf mummy 3 cockatrices 2 wolves a winter wolf cub a lynx a panther 15 leprechauns a quivering blob a spotted jelly 5 lizards a mountain nymph 3 giant spiders an iron piercer an ice vortex 2 black lights a forest centaur 2 gnome kings an orc mummy a dwarf mummy a yeti 2 werewolves a Green-elf a dog a dingo a housecat a dwarf lord a water nymph a dust vortex a raven 2 gnome mummies 4 human zombies a rope golem a soldier ant 2 bugbears an imp 2 wood nymphs 4 Uruk-hai an orc shaman 5 rock moles 2 rock piercers a pony a fog cloud a yellow light a shrieker 3 gnome lords a red naga hatchling a gray ooze 2 elf zombies 2 ghouls a paper golem a giant ant a little dog 5 floating eyes 2 kittens 10 dwarves 2 homunculi 2 kobold lords 4 iguanas 12 hill orcs 8 rothes 2 rabid rats a centipede 2 giant bats 3 monkeys 5 orc zombies 3 dwarf zombies 4 wererats a werejackal 20 killer bees 4 coyotes 2 gas spores a hobbit 3 acid blobs 2 large kobolds 6 geckos a hobgoblin a giant rat 4 cave spiders 2 brown molds a green mold 2 red molds 15 gnomes 5 garter snakes 10 jackals 4 foxes 6 kobolds 9 newts 4 goblins 8 sewer rats 5 grid bugs 2 bats 9 lichens 2 kobold zombies 297 creatures vanquished. Voluntary challenges: You followed a strict vegan diet. You had been an atheist until turn 2237. You used a wielded weapon 140 times, starting on turn 57. You did not apply a unicorn horn. You read items or engraved 12 times, starting on turn 1822. You never genocided any monsters. You never polymorphed an object. You never changed form. You cheated 3 times but completed Sokoban on turn 8904. You used no wishes. You never split a pudding. You wrote Elbereth's name 10 times, starting on turn 1822. You never violated your personal moral code. Dungeon overview: The Dungeons of Doom: levels 1 to 15 Level 1 a long staircase Level 2 Level 3 a weapon shop, some fountains, a sink Level 4 stairs to The Gnomish Mines Level 5 many fountains Level 6 a general store, a sink stairs to Sokoban Level 7 a fountain Level 8 Level 9 a fountain Level 10 Level 11 (quest) a fountain, a sink Level 12 a fountain Level 13 a temple to Mars Level 14 a fountain Level 15 <- You were here The Gnomish Mines: levels 5 to 8 Level 5 stairs to The Dungeons of Doom Level 6 Level 7 many shops, a temple to Mars, a magic chest, some fountains, a sink Level 8 Sokoban: levels 2 to 5 Level 2 a magic chest Level 3 Level 4 a fountain Level 5 a magic chest stairs to The Dungeons of Doom History has recorded: On T:1 you entered the Dungeons of Doom to retrieve the Amulet of Yendor! On T:31 you reached level 2 of The Dungeons of Doom. On T:611 you reached level 3 of The Dungeons of Doom. On T:704 you reached level 4 of The Dungeons of Doom. On T:912 you advanced to experience level 2. On T:1075 you advanced to experience level 3. On T:1137 you reached level 1 of The Gnomish Mines. On T:1345 you reached level 5 of The Dungeons of Doom. On T:1502 you advanced to experience level 4. On T:1550 you reached level 2 of The Gnomish Mines. On T:1776 you advanced to experience level 5. On T:2009 you reached level 3 of The Gnomish Mines. On T:2064 you reached level 4 of The Gnomish Mines. On T:2230 you entered the Minetown temple On T:2263 you advanced to experience level 6. On T:2505 you opened a magic chest. On T:2507 you opened a magic chest. On T:2638 you opened a magic chest. On T:2671 you opened a magic chest. On T:2672 you opened a magic chest. On T:2704 you opened a magic chest. On T:2705 you opened a magic chest. On T:2743 you opened a magic chest. On T:2744 you opened a magic chest. On T:3189 you advanced to experience level 7. On T:3362 you reached level 6 of The Dungeons of Doom. On T:3417 you reached level 7 of The Dungeons of Doom. On T:4003 you reached level 8 of The Dungeons of Doom. On T:4047 you reached level 9 of The Dungeons of Doom. On T:4310 you advanced to experience level 8. On T:4721 you reached level 10 of The Dungeons of Doom. On T:5215 you reached level 11 of The Dungeons of Doom. On T:5303 you reached level 12 of The Dungeons of Doom. On T:5651 you reached level 4 of Sokoban. On T:5766 you opened a magic chest. On T:6054 you reached level 3 of Sokoban. On T:6898 you reached level 2 of Sokoban. On T:7457 you reached level 1 of Sokoban. On T:7523 you advanced to experience level 9. On T:7732 you opened a magic chest. On T:7733 you opened a magic chest. On T:7734 you opened a magic chest. On T:8904 you entered the Sokoban zoo. On T:9078 you opened a magic chest. On T:9081 you opened a magic chest. On T:9082 you opened a magic chest. On T:9834 you opened a magic chest. On T:9835 you opened a magic chest. On T:10686 you opened a magic chest. On T:10687 you opened a magic chest. On T:10687 you opened a magic chest. On T:10688 you opened a magic chest. On T:10689 you opened a magic chest. On T:11592 you opened a magic chest. On T:11624 you opened a magic chest. On T:11625 you opened a magic chest. On T:11626 you opened a magic chest. On T:12442 you reached level 13 of The Dungeons of Doom. On T:13079 you reached level 14 of The Dungeons of Doom. On T:13269 you reached level 15 of The Dungeons of Doom. On T:13381 you advanced to experience level 10. Score breakdown: Gold: 327 ( 32 points) Experience: 10 levels ( 900 points) Exploration: 15 levels ( 420 points) Discoveries: 17 items ( 850 points) Variety of kills: 98 monsters ( 2000 points) Major goal: finished Sokoban ( 1000 points) Survival: died (score multiplied by 3) Total score: 15606 Latest messages: You put a white gem into the large box. You put 2 black gems into the large box. You faint from lack of food. Something claws you! (2x) You try to draw healing from your surroundings, but you are too weak. Something claws you! (2x) You die... Final status: Goodbye sharphack the Ranger, killed by a gold golem, while fainted from lack of food... You died in The Dungeons of Doom on dungeon level 15 with 15606 points, and 327 pieces of gold, after 13576 moves. You were level 10 with a maximum of 68 hit points when you died.